 Dungeon Crawl Stone Soup version 0.30-a0-381-g6ea064c7b4 (webtiles) character file.

Game seed: 6930699119582055055

191 qeuew the Shield-Bearer (level 6, -2/48 HPs)
             Began as a Formicid Fighter on Dec 1, 2022.
             Killed by divine providence
             ... invoked by an orc priest
              (8 damage)
             ... on level 4 of the Dungeon.
             The game lasted 00:02:58 (2229 turns).

qeuew the Shield-Bearer (Formicid Fighter)          Turns: 2229, Time: 00:02:59

Health: -2/48      AC:  8    Str: 23    XL:     6   Next: 2%
Magic:  6/6        EV: 10    Int:  7    God:
Gold:   176        SH:  5    Dex: 13    Spells: 5/5 levels left

rFire   . . .      SeeInvis +    a - +1 war axe
rCold   . . .      Faith    .    c - +0 buckler
rNeg    . . .      Spirit   .    b - +1 scale mail
rPois   .          Reflect  .    (helmet unavailable)
rElec   .          Harm     .    (no cloak)
rCorr   .          Rampage  .    (no gloves)
Will    .....                    (no boots)
Stlth   ..........               (no amulet)
HPRegen 0.28/turn                (no ring)
MPRegen 0.10/turn                (no ring)

@: mighty, lethally poisoned (-2 -> -10)
A: permanent stasis, dig shafts and tunnels, antennae 3, four strong arms,
inability to read after injury 1
a: Dig, Shaft Self


You were on level 4 of the Dungeon.
You visited 1 branch of the dungeon, and saw 4 of its levels.

You collected 176 gold pieces.

Inventory:

Hand Weapons
 a - a +1 war axe (weapon)
Armour
 b - a +1 scale mail (worn)
 c - a +0 buckler (worn)
Scrolls
 f - a scroll of enchant weapon
 h - a scroll of identify
Potions
 e - a potion of magic


   Skills:
 + Level 4.2 Fighting
 + Level 3.0 Axes
 + Level 4.2 Armour
 + Level 1.9 Dodging
 + Level 5.1 Shields


You had 5 spell levels left.
You didn't know any spells.
Your spell library contained the following spells:

 Spells                   Type           Power      Damage    Failure   Level
 Summon Small Mammal      Summ           0%         N/A       80%         1
 Call Canine Familiar     Summ           0%         N/A       99%         3
 Summon Guardian Golem    Hex/Summ       0%         N/A       99%         3
 Summon Ice Beast         Ice/Summ       0%         N/A       100%        4
 Summon Mana Viper        Hex/Summ       0%         N/A       100%        5
 Monstrous Menagerie      Summ           0%         N/A       100%        7


Dungeon Overview and Level Annotations

Branches:
Dungeon (4/15)
 Temple: D:4-7

Altars:

Shops:
D:2 [   D:3 =


Innate Abilities, Weirdness & Mutations

You cannot be hasted, slowed, berserked, paralysed or teleported.
You can dig through walls and to a lower floor.
You have a pair of large antennae on your head. (SInv)
Your four strong arms can wield two-handed weapons with a shield.
You occasionally lose the ability to read scrolls when taking damage.


Message History

You feel better.
The giant cockroach bites you but does no damage.
The orc hits you but does no damage.
The orc hits you from afar with a +2 trident of venom.
You are poisoned.
You block the giant cockroach's attack.
You feel very mighty all of a sudden.
You can read scrolls again.
You feel very sick. You block the giant cockroach's attack.
The orc barely misses you.
You slash the orc wizard!
The orc wizard is heavily wounded.
You barely miss the giant cockroach.
You feel very sick.
The giant cockroach bites you but does no damage.
The orc barely misses you.
You closely miss the orc wizard.
The orc wizard is heavily wounded.
You hit the giant cockroach.
You feel sick. You block the giant cockroach's attack.
The orc wizard hits you but does no damage.
The orc hits you from afar with a +2 trident of venom.
* * * LOW HITPOINT WARNING * * *
You are lethally poisoned!
The giant cockroach bites you but does no damage.
The orc wizard hits you but does no damage.
The orc barely misses you.
You closely miss the orc wizard.
The orc wizard is heavily wounded.
You slash the giant cockroach!
You kill the giant cockroach!
You barely miss the orc.
* * * LOW HITPOINT WARNING * * *
You feel very sick. The ufetubus barely misses you.
The ufetubus hits you but does no damage.
The orc wizard misses you.
The orc priest calls down the wrath of Beogh upon you.
Beogh smites you!
You die...

# #..........#### #
.##...#.....#... ..
....###.....#... .. {
..## ##..#..... #o{ #.#
#..)..... #o#####.#
##......#
#oo...#.#######.......
#oo5o...............
#...)#@................
#.######...###.........
#. ###.###....)....
#...............
#...............
#....[..........
#...............
#...............
#...............


You could see 2 orc priests, 2 orc wizards, 3 orcs and an ufetubus.

Vanquished Creatures
  A necrophage (D:3)
  A jelly (D:4)
  3 adders
  3 dart slugs
  8 orcs
  8 ball pythons
  5 bats
  5 endoplasms
  A giant cockroach (D:4)
  7 goblins
  5 hobgoblins
  2 kobolds
  6 rats
55 creatures vanquished.

Vanquished Creatures (others)
  A demonic plant (D:2)
1 creature vanquished.

Grand Total: 56 creatures vanquished

Notes
Turn   | Place    | Note
-------+----------+-------------------------------------------
     0 | D:1      | qeuew the Formicid Fighter began the quest for the Orb.
     0 | D:1      | Reached XP level 1. HP: 18/18 MP: 1/1
   171 | D:1      | Reached XP level 2. HP: 23/24 MP: 2/2
   398 | D:1      | Reached XP level 3. HP: 29/29 MP: 3/3
  1146 | D:2      | Found Botalaw's Armour Shoppe.
  1171 | D:2      | Found a faded altar of an unknown god.
  1171 | D:2      | Noticed an Ice Fiend
  1350 | D:3      | Reached skill level 1 in Dodging
  1421 | D:3      | Noticed a necrophage
  1439 | D:3      | Killed a necrophage
  1440 | D:3      | Reached XP level 4. HP: 15/37 MP: 4/4
  1440 | D:3      | Reached XP level 5. HP: 17/42 MP: 5/5
  1756 | D:3      | Found Fubiah's Jewellery Emporium.
  2095 | D:3      | Gained mutation: You occasionally lose the ability to read
                  | scrolls when taking damage. [potion of mutation]
  2141 | D:4      | Reached skill level 5 in Shields
  2165 | D:4      | Reached XP level 6. HP: 47/48 MP: 6/6
  2229 | D:4      | Killed from afar by an orc priest

Illustrated notes

Levels and vault maps discovered:
D:1:      dpeg_arrival_refuge, layout_basic, chequers_serial_rivers_large_b,
          chequers_avenue, dreamdust_princess_corridor
D:2:      layout_rooms, serial_shops, nicolae_shop_crystal,
          dreamdust_ecumenical_altar_sealed_demon, serial_glass,
          glass_columns_c, glass_columns_a, glass_columns_c, glass_columns_b,
          glass_columns_a, glass_columns_a, grunt_decor_fettered
D:3:      layout_basic, serial_shops, nicolae_lakefront_shop
D:4:      layout_rooms, serial_shops, shop

Skill      XL: |  1  2  3  4  5 |
---------------+----------------+-----
Dodging        | 1 |  1.9
Fighting       | 4 |  4.2
Armour         | 4 |  4.2
Axes           | 3 |  3.0
Shields        | 5 |  5.1

Action                   |  1- 3 |  4- 6 || total
-------------------------+-------+-------++-------
Melee: War axe           |    87 |    57 ||   144
  Use: Scroll            |     6 |     2 ||     8
       Potion            |     1 |     7 ||     8
Armor: Scale mail        |    43 |    29 ||    72
Dodge: Dodged            |    31 |    46 ||    77
Block: Buckler           |    17 |    20 ||    37

Table legend: (Time is in decaauts)
 A = Elapsed time spent in this place.
 B = Non-inter-level travel time spent in this place.
 C = Inter-level travel time spent in this place.
 D = Time resting spent in this place.
 E = Time spent auto-exploring this place.
 F = Levels seen in this place.
 G = Mean time per level.
                   A        B        C        D        E       F      G
               +--------+--------+--------+--------+--------+-----+--------+
         Total |   2335 |   2257 |     78 |      0 |   1829 |   4 |  583.8 |
       Dungeon |   2335 |   2257 |     78 |      0 |   1829 |   4 |  583.8 |
               +--------+--------+--------+--------+--------+-----+--------+

Top non-repeatable levels by time:
     D:1: 964 daAuts
     D:3: 842 daAuts
     D:2: 416 daAuts
     D:4: 112 daAuts
